 Dungeon Crawl Stone Soup version 0.19.1 (webtiles) character file.

418 Firecrotchwizard the Conjurer (level 6, -3/32 HPs)
             Began as a Deep Elf Conjurer on Dec 9, 2016.
             Killed from afar by Firecrotchwizard's ghost (6 damage)
             ... with a magic dart
             ... on level 3 of the Dungeon.
             The game lasted 00:12:06 (3374 turns).

Firecrotchwizard the Conjurer (Deep Elf Conjurer)   Turns: 3374, Time: 00:12:07

Health: -3/32      AC:  3    Str:  5    XL:     6   Next: 61%
Magic:  1/15       EV: 14    Int: 22    God:
Gold:   159        SH:  0    Dex: 15    Spells: 4 memorised, 3 levels left

rFire  . . .     SeeInvis .     g - -1 club (curse)
rCold  . . .     Gourm    .     a - +1 robe
rNeg   . . .     Faith    .     (no shield)
rPois  +         Spirit   .     (no helmet)
rElec  .         Reflect  .     (no cloak)
rCorr  .         Harm     .     (no gloves)
MR     .....                    (no boots)
Stlth  +++.......               (no amulet)
                                u - ring of flight
                                r - ring of poison resistance

@: no status effects
A: no striking features
a: Evoke Flight


You were on level 3 of the Dungeon.
You were hungry.

You visited 1 branch of the dungeon, and saw 4 of its levels.

You collected 159 gold pieces.

Inventory:

Hand Weapons
 g - a cursed -1 club (weapon)
 k - a +0 short sword
 s - a +0 dagger of venom
Missiles
 m - 30 poisoned needles
 p - 6 needles of confusion
Armour
 a - a +1 robe (worn)
Jewellery
 r - a ring of poison resistance (left hand)
 u - a ring of flight (right hand)
Scrolls
 f - a scroll of amnesia
 v - a scroll of teleportation {unknown}
Potions
 d - a potion of brilliance
 e - a potion of might {unknown}
 i - 2 potions of cure mutation {unknown}
 j - a potion of flight {unknown}
 l - 3 potions of cancellation
 n - a potion of invisibility {unknown}
 o - a potion of haste {unknown}
 t - 2 potions of heal wounds {unknown}
Books
 b - a book of Conjurations

   Spells                             Type                      Level
   a - Magic Dart                     Conjuration                  1
   b - Searing Ray                    Conjuration                  2
   c - Dazzling Spray                 Conjuration/Hexes            3
   d - Fulminant Prism                Conjuration/Hexes            4
   e - Iskenderun's Mystic Blast      Conjuration                  4
   f - Iskenderun's Battlesphere      Conjuration/Charms           5
Comestibles
 c - 4 bread rations
 h - 3 meat rations
 q - 2 fruits


   Skills:
 + Level 4.4 Dodging
 + Level 4.6 Stealth
 + Level 5.0 Spellcasting
 * Level 6.5 Conjurations


You had 3 spell levels left.
You knew the following spells:

 Your Spells              Type           Power        Failure   Level  Hunger
a - Magic Dart            Conj           ####         1%          1    None
b - Searing Ray           Conj           ####..       1%          2    None
c - Iskenderun's Mystic   Conj           ####....     10%         4    ####...
d - Iskenderun's Battles  Conj/Chrm      ###.....     75%         5    #####..


Dungeon Overview and Level Annotations

Branches:
Dungeon (4/15)
 Temple: D:4-7

Altars:
Gozag

Annotations:
D:3 Firecrotchwizard's ghost, amateur DECj


Message History

You don't have enough magic to cast that spell.
Unknown command.
Firecrotchwizard's ghost hits you.
You hit Firecrotchwizard's ghost but do no damage.
Firecrotchwizard's ghost is severely damaged.
Energy condenses in front of Firecrotchwizard's ghost, but quickly dissipates.
Firecrotchwizard's ghost hits you.
* * * LOW HITPOINT WARNING * * *
You barely miss Firecrotchwizard's ghost.
Firecrotchwizard's ghost is severely damaged.
Firecrotchwizard's ghost gestures at you while chanting.
The magic dart hits you!
* * * LOW HITPOINT WARNING * * *
Firecrotchwizard's ghost hits you.
* * * LOW HITPOINT WARNING * * *
You hit Firecrotchwizard's ghost but do no damage.
Firecrotchwizard's ghost is severely damaged.
Firecrotchwizard's ghost gestures at you while chanting.
The magic dart hits you!
You die...

..####### ........#
.......@## .......W.#
......<..##### ...
#........>...# ##.....
###..####..)..........
#.. #####..##.......
##. .....#....#.......
....#..........#
#.............


You could see Firecrotchwizard's ghost.

Vanquished Creatures
  An orc warrior (D:4)
  An ogre (D:4)
  An iguana (D:4)
  Ijyb (D:2)
  An orc wizard (D:4)
  A worker ant (D:4)
  5 adders
  An ooze (D:3)
  An adder skeleton (D:4)
  3 worms
  2 dart slugs
  2 leopard geckos
  4 orcs (D:4)
  8 bats
  A giant cockroach (D:2)
  5 goblins
  10 hobgoblins
  12 jackals
  7 kobolds
  3 quokkas
  A ball python (D:2)
  3 frilled lizards
  4 rats
78 creatures vanquished.

Notes
Turn   | Place    | Note
-------+----------+-------------------------------------------
     0 | D:1      | Firecrotchwizard the Deep Elf Conjurer began the quest for the Orb.
     0 | D:1      | Reached XP level 1. HP: 10/10 MP: 6/6
   328 | D:1      | Reached XP level 2. HP: 15/15 MP: 4/8
   366 | D:1      | Learned a level 2 spell: Searing Ray
   947 | D:2      | Reached XP level 3. HP: 19/19 MP: 0/9
   971 | D:2      | Reached skill level 5 in Conjurations
  1340 | D:2      | Noticed Ijyb
  1347 | D:2      | Killed Ijyb
  1347 | D:2      | Reached XP level 4. HP: 24/24 MP: 2/11
  1841 | D:2      | Learned a level 4 spell: Iskenderun's Mystic Blast
  2332 | D:3      | Found an opulent altar of Gozag.
  2385 | D:3      | Noticed Firecrotchwizard's ghost (amateur DECj)
  2515 | D:4      | Reached XP level 5. HP: 28/28 MP: 8/13
  2522 | D:4      | Learned a level 5 spell: Iskenderun's Battlesphere
  2579 | D:4      | Noticed an ogre
  2806 | D:4      | Killed an ogre
  2806 | D:4      | Reached skill level 6 in Conjurations
  2806 | D:4      | Reached XP level 6. HP: 22/32 MP: 4/14
  3311 | D:4      | Noticed an orc warrior
  3315 | D:4      | Killed an orc warrior
  3315 | D:4      | Reached skill level 5 in Spellcasting
  3374 | D:3      | Killed from afar by Firecrotchwizard's ghost

Skill      XL: |  1  2  3  4  5  6 |
---------------+-------------------+-----
Dodging        | 3 4 |  4.4
Conjurations   | 5 6 |  6.5
Stealth        | 3 4 |  4.6
Spellcasting   | 4 5 |  5.0

Action                   |  1- 3 |  4- 6 || total
-------------------------+-------+-------++-------
Melee: Club              |    13 |    11 ||    24
 Cast: Magic Dart        |    71 |   110 ||   181
       Searing Ray       |     1 |     1 ||     2
       Iskenderun's Myst |       |     6 ||     6
  Use: Scroll            |     1 |     6 ||     7
  Eat: Chunk             |     1 |     4 ||     5
       Beef jerky        |       |     1 ||     1
       Fruit             |       |     1 ||     1
Armor: Robe              |     6 |     1 ||     7
Dodge: Dodged            |    20 |    17 ||    37
